 Dungeon Crawl Stone Soup version 0.27-a0-1105-g946c659c87 (webtiles) character file.

Game seed: 7187840355009841395

159 siradein the Slasher (level 5, -3/30 HPs)
             Began as a Gargoyle Gladiator on May 1, 2021.
             Killed from afar by an orc wizard (5 damage)
             ... with a magic dart
             ... on level 4 of the Dungeon.
             The game lasted 00:04:30 (2969 turns).

siradein the Slasher (Gargoyle Gladiator)           Turns: 2969, Time: 00:04:30

Health: -3/30      AC:  8    Str: 17    XL:     5   Next: 40%
Magic:  5/5        EV: 12    Int:  9    God:
Gold:   117        SH:  0    Dex: 12    Spells: 4/4 levels left

rFire    . . .     SeeInvis .   a - +0 long sword
rCold    . . .     Faith    .   (no shield)
rNeg     + . .     Spirit   .   b - +0 leather armour
rPois    ∞         Reflect  .   c - +0 helmet
rElec    +         Harm     .   (no cloak)
rCorr    .         Rampage  .   (no gloves)
Will     .....                  (no boots)
Stlth    +.........             (no amulet)
HPRegen  0.10/turn              (no ring)
MPRegen  0.09/turn              (no ring)

@: confused
A: AC +4, negative energy resistance 1, electricity resistance, torment
resistance 1, unbreathing 1, petrification resistance
a: no special abilities


You were on level 4 of the Dungeon.
You visited 1 branch of the dungeon, and saw 4 of its levels.

You collected 117 gold pieces.

Inventory:

Hand Weapons
 a - a +0 long sword (weapon)
 y - a +0 hunting sling
Missiles
 d - 3 throwing nets
 f - 14 sling bullets
 s - 8 boomerangs (quivered)
Armour
 b - a +0 leather armour (worn)
 c - a +0 helmet (worn)
Wands
 m - a wand of flame (9)
Scrolls
 g - a scroll of enchant armour {unknown}
 h - a scroll of immolation {unknown}
 j - a scroll of blinking
 k - 2 scrolls of enchant weapon {unknown}
 l - 2 scrolls of noise {unknown}
 n - a scroll of summoning {unknown}
 o - a scroll of teleportation {unknown}
 p - a scroll of fog {unknown}
 v - a scroll of holy word {unknown}
 w - 2 scrolls of amnesia {unknown}
 A - a scroll of identify
Potions
 e - 4 potions of curing
 i - a potion of ambrosia
 q - a potion of might {unknown}
 r - a potion of brilliance {unknown}
 t - a potion of haste {unknown}
 u - a potion of attraction {unknown}
 x - a potion of mutation {unknown}
 z - a potion of flight {unknown}


   Skills:
 - Level 2.1 Fighting
 + Level 5.4 Long Blades
 - Level 1.7 Throwing
 - Level 2.4 Dodging


You had 4 spell levels left.
You didn't know any spells.
Your spell library contained the following spells:

 Spells                   Type           Power      Damage    Failure   Level
 Freeze                   Ice            0%         1d3       45%         1
 Frozen Ramparts          Ice            0%         1d2       83%         3
 Ozocubu's Armour         Ice            0%         N/A       83%         3
 Hailstorm                Conj/Ice       0%         3d3       99%         4
 Metabolic Englaciation   Hex/Ice        0%         N/A       100%        5


Dungeon Overview and Level Annotations

Branches:
Dungeon (4/15)
 Temple: D:4-7

Altars:

Shops:
D:1 ?   D:3 (


Innate Abilities, Weirdness & Mutations

Your stone body is resilient. (AC +4)
You are immune to poison.
You resist negative energy. (rN+)
You are resistant to electric shocks. (rElec)
You are resistant to unholy torment.
You can survive without breathing.
You are immune to petrification.


Message History

You miss something.
You hear some strange, mumbled words.
You are confused.
You closely miss something.
You hear some strange, mumbled words.
You are more confused.
You barely miss something. Something hits you but does no damage.
You bump into the rock wall.
You hear some strange, mumbled words.
A puff of flame appears from out of thin air!
The puff of flame hits you but does no damage.
You bump into the rock wall.
Something hits you but does no damage.
You bump into the rock wall.
Something hits you but does no damage.
You miss something. Something hits you.
You closely miss something. Something hits you but does no damage.
You're too confused to move!
You hear some strange, mumbled words.
A magic dart appears from out of thin air!
The magic dart hits you.
* * * LOW HITPOINT WARNING * * *
You're too confused to move!
You hear some strange, mumbled words.
You are more confused.
You bump into the rock wall.
Something barely misses you.
You bump into the rock wall.
Something hits you.
* * * LOW HITPOINT WARNING * * *
You closely miss something. Something hits you.
* * * LOW HITPOINT WARNING * * *
Something hits you but does no damage.
You're too confused to move!
You hear some strange, mumbled words.
A magic dart appears from out of thin air!
The magic dart hits you but does no damage.
You bump into the rock wall.
Something hits you but does no damage.
You bump into the rock wall.
Something hits you but does no damage.
You bump into the rock wall.
You hear some strange, mumbled words.
A magic dart appears from out of thin air!
The magic dart hits you.
You die...

.#. ... ?.
..# ..##.o#
##.....
##..#o.#
#......#
#.....#
#)########.#
#.).{@>....#
#.########...
#.# #.# #.#
#.# #.# .<#


There were no monsters in sight!

Vanquished Creatures
  11 adders
  4 dart slugs
  2 orcs
  5 endoplasms
  2 giant cockroaches
  3 goblins
  7 hobgoblins
  7 ball pythons
  3 bats
  3 frilled lizards
  7 kobolds
  4 rats
58 creatures vanquished.

Notes
Turn   | Place    | Note
-------+----------+-------------------------------------------
     0 | D:1      | siradein the Gargoyle Gladiator began the quest for the
                  | Orb.
     0 | D:1      | Reached XP level 1. HP: 12/12 MP: 1/1
   237 | D:1      | Reached skill level 3 in Long Blades
   250 | D:1      | Found Kanloumn's Magic Scroll Emporium.
   343 | D:1      | Reached XP level 2. HP: 15/17 MP: 2/2
  1021 | D:2      | Reached XP level 3. HP: 9/21 MP: 3/3
  1311 | D:2      | Reached skill level 4 in Long Blades
  1574 | D:2      | Reached XP level 4. HP: 19/26 MP: 4/4
  2450 | D:3      | Reached skill level 5 in Long Blades
  2450 | D:3      | Reached XP level 5. HP: 30/30 MP: 5/5
  2657 | D:3      | Found Bikamat's Weapon Shop.
  2969 | D:4      | Killed from afar by an orc wizard

Illustrated notes

Levels and vault maps discovered:
D:1:      dpeg_arrival_erosion, layout_rooms, serial_shops, nicolae_shop_trees
D:2:      layout_basic
D:3:      layout_rooms, serial_shops, shop, minmay_snake_closets
D:4:      layout_loops_ring, kennysheep_mini_moat, serial_shops, shop,
          nicolae_alphabet_shops, uniq_sigmund

Skill      XL: |  1  2  3  4 |
---------------+-------------+-----
Long Blades    | 3 4 5 |  5.4
Fighting       | |  2.1
Throwing       | |  1.7
Dodging        | |  2.4

Action                   |  1- 3 |  4- 6 || total
-------------------------+-------+-------++-------
Melee: Long sword        |   103 |   110 ||   213
  Use: Scroll            |       |     3 ||     3
 Stab: Sleeping          |       |     1 ||     1
Armor: Leather armour    |    41 |    56 ||    97
Dodge: Dodged            |    78 |    48 ||   126
       Rpst.: Long sword |    17 |    16 ||    33

Table legend: (Time is in decaauts)
 A = Elapsed time spent in this place.
 B = Non-inter-level travel time spent in this place.
 C = Inter-level travel time spent in this place.
 D = Time resting spent in this place.
 E = Time spent auto-exploring this place.
 F = Levels seen in this place.
 G = Mean time per level.
                   A        B        C        D        E       F      G
               +--------+--------+--------+--------+--------+-----+--------+
         Total |   3007 |   2975 |     32 |      0 |   2465 |   4 |  751.8 |
       Dungeon |   3007 |   2975 |     32 |      0 |   2465 |   4 |  751.8 |
               +--------+--------+--------+--------+--------+-----+--------+

Top non-repeatable levels by time:
     D:2: 1189 daAuts
     D:3: 881 daAuts
     D:1: 867 daAuts
     D:4: 69 daAuts
